 Dungeon Crawl Stone Soup version 0.26.1-11-gd32895ea62 (webtiles) character file.

Game seed: 9433924614719018402

3017 Almogavar the Carver (level 9, -1/79 HPs)
             Began as a Minotaur Berserker on Apr 14, 2021.
             Was an Elder of Trog.
             Slain by a red ugly thing (12 damage)
             ... on level 7 of the Dungeon.
             The game lasted 00:17:33 (6674 turns).

Almogavar the Carver (Minotaur Berserker)           Turns: 6674, Time: 00:17:34

Health: -1/79      AC:  9    Str: 26    XL:     9   Next: 55%
Magic:  8/8        EV: 15    Int:  4    God:    Trog [****..]
Gold:   434        SH:  0    Dex:  9    Spells: 8/8 levels left

rFire    . . .     SeeInvis .   a - +8 demon blade "Leech" {vamp, *Rage +Rage rN+}
rCold    . . .     Faith    .   (no shield)
rNeg     + . .     Spirit   .   b - +0 scale mail
rPois    .         Reflect  .   (helmet restricted)
rElec    .         Harm     .   o - +0 cloak
rCorr    .         Rampage  .   (no gloves)
Will     +....     Rnd*Rage +   (no boots)
Stlth    ..........             (no amulet)
HPRegen  0.23/turn              j - ring of willpower
MPRegen  0.11/turn              p - +4 ring of evasion

@: no status effects
A: retaliatory headbutt, horns 2
a: Renounce Religion, Evoke Berserk Rage, Berserk, Trog's Hand, Brothers in Arms


You were on level 7 of the Dungeon.
You worshipped Trog.
Trog was greatly pleased with you.
You visited 1 branch of the dungeon, and saw 7 of its levels.

You collected 434 gold pieces.

Inventory:

Hand Weapons
 a - the +8 demon blade "Leech" (weapon) {vamp, *Rage +Rage rN+}
   (You found it on level 4 of the Dungeon)

   It inflicts no extra harm, but heals its wielder when it wounds a living foe.
   It protects you from negative energy.
   It lets you go berserk.
   It may make you go berserk in combat.
 s - a +0 hunting sling
 x - a +1 vorpal flail
Missiles
 f - 107 stones
 i - 44 sling bullets
Armour
 b - a +0 scale mail (worn)
 o - a +0 cloak (worn)
 v - a +0 chain mail
 A - a +2 tower shield
 C - a +0 plate armour
Jewellery
 j - a ring of willpower (left hand)
 p - a +4 ring of evasion (right hand)
Wands
 q - a wand of flame (18)
 y - a wand of polymorph (7)
 B - a wand of paralysis (12)
Scrolls
 c - a scroll of fear
 d - 4 scrolls of teleportation
 e - 2 scrolls of fog
 g - a scroll of enchant armour
 k - 3 scrolls of blinking
 l - 2 scrolls of immolation {unknown}
 m - 5 scrolls of remove curse {unknown}
 n - 2 scrolls of magic mapping {unknown}
 u - a scroll of noise {unknown}
 w - a scroll of torment {unknown}
 z - 2 scrolls of random uselessness {unknown}
 D - a scroll of identify
Potions
 h - a potion of magic
 r - a potion of might {unknown}
 t - 2 potions of curing
 E - a potion of cancellation {unknown}


   Skills:
 + Level 7.2 Fighting
 + Level 9.4 Long Blades
 + Level 8.2 Slings
 + Level 7.2 Armour
 + Level 3.7 Dodging
 - Level 0.3 Stealth


You had 8 spell levels left.
You didn't know any spells.
Your spell library was empty.

Dungeon Overview and Level Annotations

Branches:
Dungeon (7/15)             Temple (0/1) D:6

Altars:
Cheibriados

Shops:
D:6 *


Innate Abilities, Weirdness & Mutations

You reflexively headbutt those who attack you in melee.
You have a pair of horns on your head.


Message History

The brown ugly thing is almost dead.
The brown ugly thing bites you!
You are splashed with acid!
You are too injured to fight recklessly!
You are too injured to fight recklessly!
You are too injured to fight recklessly!
You slash the brown ugly thing!
You feel better.
You kill the brown ugly thing!
Trog accepts your kill.
Your Fighting skill increases to level 7!
Your Long Blades skill increases to level 9!
Your Slings skill increases to level 8!
You barely miss the red ugly thing. The red ugly thing kicks you.
You are engulfed in flames!!
* * * LOW HITPOINT WARNING * * *
You closely miss the red ugly thing. You headbutt the red ugly thing!
The red ugly thing is lightly wounded.
The red ugly thing kicks you!
* * * LOW HITPOINT WARNING * * *
You are engulfed in flames!
You die...

.....##
##..#.#.###.#....#...
###..# ##
#.................#.
###.##
..##...#.#.......#....
##..#
.##.................#
...##
.##....))).......#.# #.##
#.##....)........... ..#
#..##..#........>... .##
#u##..#...#....#.## .#
....ou)#@#...............
##
##((#F##.##........#.#.#.
# #"
###...#............#. #
##.#.##.#..#......#.
#.....#.......#+####
##.#.#.##...#.##.....
#.......#......#.###.
#.##.##.##.....#.# #.
#..##.##..#.....#.###.


You could see a red ugly thing.

Vanquished Creatures
  An ugly thing (D:7)
  Grinder (D:4)
  6 yaks (D:6)
  A water moccasin (D:6)
  3 orc warriors
  A phantom (D:4)
  2 ogres
  2 centaurs
  A bullfrog (D:6)
  A scorpion (D:6)
  A howler monkey (D:5)
  A hound (D:5)
  A jelly (D:6)
  2 orc priests (D:6)
  5 orc wizards
  2 iguanas
  3 worker ants
  2 hound zombies (D:7)
  8 adders
  A white imp (D:7)
  An ufetubus (D:7)
  An adder skeleton (D:4)
  A worm (D:5)
  4 dart slugs
  4 leopard geckos
  19 orcs
  4 giant cockroaches
  11 goblins
  4 hobgoblins
  17 jackals
  3 quokkas
  7 bats
  4 frilled lizards
  11 kobolds
  A leopard gecko skeleton (D:4)
  5 rats
142 creatures vanquished.

Vanquished Creatures (others)
  6 toadstools (D:7)
6 creatures vanquished.

Grand Total: 148 creatures vanquished

Notes
Turn   | Place    | Note
-------+----------+-------------------------------------------
     0 | D:1      | Almogavar the Minotaur Berserker began the quest for the
                  | Orb.
     0 | D:1      | Reached XP level 1. HP: 19/19 MP: 0/0
   166 | D:1      | You fall into a shaft and drop 1 floor!
   178 | D:1      | Reached skill level 4 in Long Blades
   178 | D:1      | Reached XP level 2. HP: 26/27 MP: 1/1
  1017 | D:2      | Reached ** piety under Trog
  1155 | D:2      | Reached XP level 3. HP: 21/33 MP: 2/2
  1578 | D:2      | Reached XP level 4. HP: 37/41 MP: 3/3
  2386 | D:3      | Reached skill level 5 in Long Blades
  2706 | D:3      | Reached *** piety under Trog
  3002 | D:4      | Noticed an ogre
  3011 | D:4      | Killed an ogre
  3012 | D:4      | Reached XP level 5. HP: 47/47 MP: 4/4
  3157 | D:4      | Noticed a phantom
  3188 | D:4      | Killed a phantom
  3189 | D:4      | Reached skill level 1 in Slings
  3189 | D:4      | Reached XP level 6. HP: 22/55 MP: 5/5
  3568 | D:4      | Reached skill level 5 in Fighting
  3595 | D:4      | Noticed Grinder
  3612 | D:4      | Killed Grinder
  3613 | D:4      | Reached skill level 6 in Long Blades
  3613 | D:4      | Reached XP level 7. HP: 61/61 MP: 6/6
  3622 | D:4      | Found the +8 demon blade "Leech" {vamp, *Rage +Rage rN+}
  4019 | D:5      | Entered Level 5 of the Dungeon
  4371 | D:5      | Reached skill level 5 in Armour
  4418 | D:5      | Reached skill level 5 in Slings
  5094 | D:6      | Reached XP level 8. HP: 69/69 MP: 7/7
  5372 | D:6      | Reached skill level 7 in Long Blades
  5495 | D:6      | Reached **** piety under Trog
  5496 | D:6      | Reached skill level 8 in Long Blades
  5502 | D:6      | Reached XP level 9. HP: 78/78 MP: 8/8
  5670 | D:6      | Found a staircase to the Ecumenical Temple.
  5856 | D:6      | Found Laoshaul's Assorted Antiques.
  5900 | D:6      | Found a snail-covered altar of Cheibriados.
  6659 | D:7      | Noticed a brown ugly thing
  6660 | D:7      | Noticed a red ugly thing
  6672 | D:7      | Killed a brown ugly thing
  6673 | D:7      | Reached skill level 9 in Long Blades
  6674 | D:7      | Slain by a red ugly thing

Illustrated notes

Levels and vault maps discovered:
D:1:      minmay_arrival_arboretum_small, layout_basic
D:2:      layout_loops_ring
D:3:      layout_basic, kennysheep_generic_room_11
D:4:      layout_cave_pods, uniq_grinder
D:5:      layout_basic, kennysheep_cross_room, chequers_serial_rivers_micro_e
D:6:      layout_basic, lemuel_coloured_pillars_altar,
          minmay_temple_entry_wispy, serial_shops, nicolae_shop_crystal
D:7:      minmay_the_grid_triangle_9x9_recursive_2
          [minmay_the_grid_triangle_9x9_prize_schism,
          minmay_the_grid_triangle_9x9_descending_squares,
          minmay_the_grid_triangle_9x9_subtriangle,
          minmay_the_grid_triangle_9x9_corruption], layout_basic, tgw_fedhas,
          minmay_misc_feat_encased, uniq_pikel

Skill      XL: |  1  2  3  4  5  6  7  8  9 |
---------------+----------------------------+-----
Long Blades    | 4 5 6 8 9 |  9.4
Fighting       | 4 5 6 7 |  7.2
Armour         | 3 4 5 6 7 |  7.2
Slings         | 1 3 5 7 8 |  8.2
Dodging        | 3 |  3.7
Stealth        | |  0.3

Action                   |  1- 3 |  4- 6 |  7- 9 || total
-------------------------+-------+-------+-------++-------
Melee: Falchion          |    65 |    91 |       ||   156
       Headbutt          |     9 |    12 |    23 ||    44
       Demon blade       |       |       |   107 ||   107
 Fire: Hunting sling     |       |    26 |   104 ||   130
Invok: Berserk           |       |     2 |       ||     2
       Trog's Hand       |       |     1 |       ||     1
  Use: Scroll            |     4 |     4 |       ||     8
       Potion            |       |       |     1 ||     1
Armor: Scale mail        |    24 |    43 |    24 ||    91
Dodge: Dodged            |    37 |    70 |    57 ||   164
       Rpst.: Falchion   |    12 |    24 |       ||    36
       Demon blade       |       |       |    13 ||    13
